[Event "Rated Blitz game"]
[Site "?"]
[Date "2021.07.29"]
[Round "?"]
[White "RatzFatzWeg"]
[Black "Huljuttelija"]
[Result "1/2-1/2"]
[ECO "C42"]
[WhiteElo "2489"]
[BlackElo "2452"]
[PlyCount "109"]
[EventDate "2021.??.??"]
[EventType "blitz"]
[TimeControl "180+2"]

1. e4 e5 2. Nf3 Nf6 3. Nxe5 d6 4. Nxf7 Kxf7 5. Nc3 c5 6. Bc4+ d5 7. Nxd5 Be6 8.
Ne3 Bxc4 9. Nxc4 Nc6 10. O-O Bd6 11. d3 b5 12. Ne3 Qc7 13. g3 h5 14. f4 h4 15.
e5 hxg3 16. hxg3 Bxe5 17. fxe5 Qxe5 18. Kg2 Rad8 19. Bd2 Nd4 20. c3 Ne6 21. Qe2
c4 22. d4 Qe4+ 23. Qf3 Ng5 24. Qxe4 Ngxe4 25. Be1 Rhe8 26. Ng4 Kg8 27. Ne5 Nd5
28. Rf3 Ng5 29. Rf4 Ne6 30. Re4 b4 31. Rd1 Nf6 32. Re2 bxc3 33. bxc3 Nc5 34.
Rb1 Nd3 35. Bd2 Nxe5 36. dxe5 Ng4 37. Bf4 Rd3 38. Rb7 g5 39. Bxg5 Rxe5 40. Rxe5
Nxe5 41. Rxa7 Rxc3 42. Bf6 Rc2+ 43. Kh3 Nd3 44. Kg4 Nb4 45. Kg5 Rxa2 46. Rg7+
Kf8 47. Rh7 Nd5 48. Be5 Ra5 49. g4 c3 50. Kg6 Ne7+ 51. Kf6 Ra6+ 52. Kg5 Ra5 53.
Kf6 Ra6+ 54. Kg5 Ra5 55. Kf6 {Normal} 1/2-1/2

[Event "Rated Blitz game"]
[Site "?"]
[Date "2021.07.29"]
[Round "?"]
[White "SerikSagin"]
[Black "tumedikitoalegre"]
[Result "0-1"]
[ECO "C42"]
[WhiteElo "2382"]
[BlackElo "2454"]
[PlyCount "74"]
[EventDate "2021.??.??"]
[EventType "blitz"]
[TimeControl "180"]

1. e4 e5 2. Nf3 Nf6 3. Nxe5 d6 4. Nxf7 Kxf7 5. Bc4+ d5 6. exd5 Bd6 7. O-O Nbd7
8. d4 Re8 9. Nc3 Nf8 10. Bg5 Bf5 11. h3 a6 12. g4 Bd7 13. Re1 Rxe1+ 14. Qxe1
Ng6 15. Qd2 h6 16. Be3 Nh4 17. Qd3 b5 18. Bb3 Qe7 19. Bd2 Re8 20. Re1 Qd8 21.
Re6 Rxe6 22. dxe6+ Bxe6 23. Bxe6+ Kxe6 24. Ne4 Kf7 25. c4 bxc4 26. Qxc4+ Kf8
27. Nxd6 cxd6 28. Bb4 Nf3+ 29. Kg2 Ng5 30. h4 Qa8+ 31. Kf1 Qh1+ 32. Ke2 Qf3+
33. Kf1 Qd1+ 34. Kg2 Qxg4+ 35. Kf1 Nge4 36. Qc8+ Qxc8 37. d5 Qc2 {Time forfeit}
0-1

[Event "Rated Blitz game"]
[Site "?"]
[Date "2021.07.28"]
[Round "?"]
[White "MarceloPlaya"]
[Black "Usechess1962"]
[Result "1-0"]
[ECO "C42"]
[WhiteElo "2436"]
[BlackElo "2279"]
[PlyCount "46"]
[EventDate "2021.??.??"]
[EventType "blitz"]
[TimeControl "180+2"]

1. e4 e5 2. Nf3 Nf6 3. Nxe5 d6 4. Nxf7 Kxf7 5. Nc3 d5 6. exd5 Bd6 7. Be2 Re8 8.
O-O Bf5 9. d3 Rxe2 10. Nxe2 Bxh2+ 11. Kxh2 Ng4+ 12. Kg1 Qh4 13. Bf4 Nd7 14. Bg3
Qh6 15. Qc1 g5 16. Nd4 Bg6 17. Ne6 Kf6 18. f4 gxf4 19. Qxf4+ Ke7 20. Qxh6 Nxh6
21. Rae1 Nf5 22. Nxc7+ Kd8 23. Rxf5 Bxf5 {Normal} 1-0

[Event "Rated Blitz game"]
[Site "?"]
[Date "2021.07.28"]
[Round "?"]
[White "LaughingCoffin57"]
[Black "Prayer791"]
[Result "0-1"]
[ECO "C42"]
[WhiteElo "2414"]
[BlackElo "2592"]
[PlyCount "124"]
[EventDate "2021.??.??"]
[EventType "blitz"]
[TimeControl "180"]

1. e4 e5 2. Nf3 Nf6 3. Nxe5 d6 4. Nxf7 Kxf7 5. d4 Be6 6. Nc3 g6 7. Bg5 h6 8.
Bh4 Be7 9. Bd3 c5 10. d5 Bg4 11. f3 Bc8 12. Qe2 Nxd5 13. Bxe7 Nxe7 14. Bc4+ Kg7
15. O-O-O Nbc6 16. h4 Nd4 17. Qd3 Nec6 18. Bd5 Nb4 19. Qe3 Nbxc2 20. Qf4 Rf8
21. Qg3 Ne3 22. Rd3 Nxd5 23. Nxd5 Be6 24. Nf4 Rxf4 25. Rxd4 cxd4 26. Qxf4 Qc7+
27. Kb1 Rc8 28. Qd2 Qc4 29. Rd1 Rc5 30. Qxd4+ Qxd4 31. Rxd4 Rc6 32. b3 Kf6 33.
f4 Rc3 34. Rxd6 Ke7 35. Rd2 Re3 36. e5 Rg3 37. Kb2 Rg4 38. Rc2 Bd5 39. Rc7+ Ke6
40. Rg7 Rxg2+ 41. Ka3 Rg4 42. Kb4 h5 43. Kc5 b6+ 44. Kb5 Rxf4 45. Rxa7 Kxe5 46.
Rg7 Be4 47. Kxb6 Rxh4 48. a4 Rh3 49. b4 Rb3 50. b5 h4 51. a5 h3 52. Rh7 g5 53.
Rh5 Kf4 54. a6 Kg4 55. Rh8 Bd3 56. Kc7 Rxb5 57. a7 Ra5 58. a8=Q Rxa8 59. Rxa8
h2 60. Rh8 Kg3 61. Kd6 Be4 62. Ke5 h1=Q {Normal} 0-1

[Event "Rated Blitz game"]
[Site "?"]
[Date "2021.07.28"]
[Round "?"]
[White "chess2611"]
[Black "Prayer791"]
[Result "0-1"]
[ECO "C42"]
[WhiteElo "2492"]
[BlackElo "2608"]
[PlyCount "112"]
[EventDate "2021.??.??"]
[EventType "blitz"]
[TimeControl "180"]

1. e4 e5 2. Nf3 Nf6 3. Nxe5 d6 4. Nxf7 Kxf7 5. Nc3 Be6 6. d4 g6 7. Be2 Bg7 8.
O-O Re8 9. f4 Kg8 10. e5 Nd5 11. Ne4 Nb6 12. b3 d5 13. Ng5 Bf5 14. g4 Be4 15.
c4 c6 16. Be3 N8d7 17. Nxe4 dxe4 18. Qc2 Qe7 19. Qxe4 c5 20. Rad1 cxd4 21. Bxd4
Nc5 22. Qe3 Ne6 23. Bf3 Nxd4 24. Rxd4 g5 25. Re1 gxf4 26. Rxf4 Rad8 27. Kg2 Bh6
28. a4 Bxf4 29. Qxf4 Rf8 30. Qe4 Qh4 31. a5 Rd2+ 32. Re2 Rxe2+ 33. Qxe2 Nc8 34.
Bxb7 Ne7 35. e6 h5 36. Bf3 hxg4 37. Bxg4 Rf6 38. h3 Qg5 39. b4 a6 40. c5 Nc6
41. e7 Nxe7 42. Qxe7 Rf2+ 43. Kxf2 Qxe7 44. Bf3 Qe5 45. c6 Qb2+ 46. Kg3 Qxb4
47. c7 Qd6+ 48. Kf2 Qxc7 49. Be2 Qxa5 50. Kg2 Qb6 51. Bf3 a5 52. Kg3 a4 53. h4
a3 54. Kg4 Kg7 55. Bd5 Qd4+ 56. Be4 Qxe4+ {Time forfeit} 0-1

[Event "Rated Blitz game"]
[Site "?"]
[Date "2021.07.28"]
[Round "?"]
[White "Electracy"]
[Black "BryamAlvarado"]
[Result "1-0"]
[ECO "C42"]
[WhiteElo "2438"]
[BlackElo "2286"]
[PlyCount "53"]
[EventDate "2021.??.??"]
[EventType "blitz"]
[TimeControl "300"]

1. e4 e5 2. Nf3 Nf6 3. Nxe5 d6 4. Nxf7 Kxf7 5. Nc3 g6 6. d4 Bg7 7. Bc4+ Be6 8.
Bxe6+ Kxe6 9. O-O Re8 10. f4 Kf7 11. f5 Kg8 12. Qf3 gxf5 13. Qxf5 Qd7 14. Qg5
Nxe4 15. Nxe4 Rxe4 16. Qd5+ Qe6 17. Qxb7 Bxd4+ 18. Kh1 Re1 19. Bd2 Rxa1 20.
Rxa1 Nd7 21. Qxa8+ Kg7 22. Qf3 Bxb2 23. Re1 Qf7 24. Qg4+ Kf8 25. Bh6+ Bg7 26.
Bxg7+ Qxg7 27. Re8+ {Normal} 1-0

[Event "Rated Rapid game"]
[Site "?"]
[Date "2021.07.28"]
[Round "?"]
[White "Arta6414"]
[Black "compte_galere"]
[Result "0-1"]
[ECO "C42"]
[WhiteElo "2299"]
[BlackElo "2489"]
[PlyCount "102"]
[EventDate "2021.??.??"]
[EventType "rapid"]
[TimeControl "600"]

1. e4 e5 2. Nf3 Nf6 3. Nxe5 d6 4. Nxf7 Kxf7 5. d4 c5 6. Bc4+ d5 7. exd5 Bd6 8.
Be3 cxd4 9. Qxd4 Bf5 10. Bb3 Re8 11. h3 Nbd7 12. c4 Nc5 13. Nd2 b6 14. O-O Be5
15. Qh4 Nfe4 16. Qxd8 Raxd8 17. Nf3 Bxb2 18. Rad1 Bf6 19. Bd4 Nc3 20. Bxc3 Bxc3
21. Nd4 Bd3 22. Nc6 Rd6 23. Nxa7 Bxf1 24. Rxf1 Nxb3 25. axb3 Re1 26. Nb5 Rxf1+
27. Kxf1 Be5 28. Nxd6+ Bxd6 29. Ke2 Kf6 30. Ke3 Bc5+ 31. Ke2 Ke5 32. g3 Kd4 33.
Kd2 Bb4+ 34. Kc2 Ke4 35. f4 Kf3 36. Kd3 Kxg3 37. Ke4 Kxh3 38. Kf5 Kg3 39. Ke5
h5 40. d6 Bxd6+ 41. Kxd6 h4 42. Kc6 h3 43. Kxb6 h2 44. c5 h1=Q 45. c6 Qd5 46.
b4 Qd4+ 47. Kb5 Qa7 48. Kc4 Kxf4 49. b5 Ke5 50. Kb4 Kd5 51. Kb3 Kc5 {Normal}
0-1

[Event "Rated Blitz game"]
[Site "?"]
[Date "2021.07.28"]
[Round "?"]
[White "GomezAdams"]
[Black "absalalom"]
[Result "1-0"]
[ECO "C42"]
[WhiteElo "2476"]
[BlackElo "2311"]
[PlyCount "95"]
[EventDate "2021.??.??"]
[EventType "blitz"]
[TimeControl "300+3"]

1. e4 e5 2. Nf3 Nf6 3. Nxe5 d6 4. Nxf7 Kxf7 5. d4 c5 6. dxc5 Nc6 7. Bc4+ Be6 8.
Bxe6+ Kxe6 9. Nc3 Kf7 10. Qe2 Qd7 11. Bg5 Qg4 12. Qxg4 Nxg4 13. f3 Nf6 14. cxd6
Bxd6 15. O-O-O Rad8 16. Kb1 h6 17. Bxf6 gxf6 18. Nd5 Ne7 19. c4 Nxd5 20. cxd5
h5 21. Kc2 h4 22. Kd3 Be5 23. b3 Rc8 24. Rc1 Rhg8 25. Rxc8 Rxc8 26. g3 Rc3+ 27.
Ke2 Rc2+ 28. Kd3 Rxa2 29. f4 Bd6 30. Rf1 Ke7 31. Re1 Rxh2 32. e5 Rh3 33. exd6+
Kxd6 34. Kd4 Rxg3 35. Re6+ Kd7 36. Rxf6 Rxb3 37. Rh6 h3 38. f5 a5 39. Ke5 a4
40. Rh7+ Kc8 41. Ke6 a3 42. Rh8+ Kc7 43. d6+ Kb6 44. d7 Re3+ 45. Kf6 Rd3 46.
d8=Q+ Rxd8 47. Rxd8 a2 48. Rd1 {Normal} 1-0

[Event "Rated Blitz game"]
[Site "?"]
[Date "2021.07.27"]
[Round "?"]
[White "chess2611"]
[Black "Kovalchuk94"]
[Result "1/2-1/2"]
[ECO "C42"]
[WhiteElo "2514"]
[BlackElo "2673"]
[PlyCount "77"]
[EventDate "2021.??.??"]
[EventType "blitz"]
[TimeControl "180"]

1. e4 e5 2. Nf3 Nf6 3. Nxe5 d6 4. Nxf7 Kxf7 5. Nc3 c5 6. Bc4+ Be6 7. Bxe6+ Kxe6
8. O-O Nc6 9. f4 Be7 10. d3 Kf7 11. e5 dxe5 12. fxe5 Nxe5 13. Qh5+ Ng6 14. Bg5
Rf8 15. Rae1 Kg8 16. Qh3 Qd4+ 17. Kh1 Ng4 18. Bxe7 Nxe7 19. Ne4 Qd7 20. Nxc5
Rxf1+ 21. Rxf1 Qd4 22. Ne4 Qd7 23. Nc5 Qc6 24. Qxg4 Qxc5 25. Qe6+ Kh8 26. Rf7
Ng6 27. Qd7 Qxc2 28. h3 Qc1+ 29. Kh2 Qxb2 30. a4 Qe5+ 31. Kh1 Qa1+ 32. Kh2 Qb2
33. d4 Rg8 34. Rxg7 Rxg7 35. Qd8+ Rg8 36. Qf6+ Rg7 37. Qd8+ Rg8 38. Qf6+ Rg7
39. Qd8+ {Normal} 1/2-1/2

[Event "Rated Blitz game"]
[Site "?"]
[Date "2021.07.27"]
[Round "?"]
[White "Tormoz46"]
[Black "Bodlja"]
[Result "1-0"]
[ECO "C42"]
[WhiteElo "2460"]
[BlackElo "2372"]
[PlyCount "25"]
[EventDate "2021.??.??"]
[EventType "blitz"]
[TimeControl "180+2"]

1. e4 e5 2. Nf3 Nf6 3. Nxe5 d6 4. Nxf7 Kxf7 5. d4 Qe8 6. Bd3 d5 7. e5 c5 8. c3
cxd4 9. cxd4 Bb4+ 10. Nc3 Rf8 11. O-O Bxc3 12. exf6 Ba5 13. Qh5+ {Normal} 1-0

[Event "Rated Blitz game"]
[Site "?"]
[Date "2021.07.26"]
[Round "?"]
[White "ab52"]
[Black "adnansendur"]
[Result "0-1"]
[ECO "C42"]
[WhiteElo "2355"]
[BlackElo "2494"]
[PlyCount "92"]
[EventDate "2021.??.??"]
[EventType "blitz"]
[TimeControl "180"]

1. e4 e5 2. Nf3 Nf6 3. Nxe5 d6 4. Nxf7 Kxf7 5. d4 Qe8 6. f3 c5 7. Bc4+ Be6 8.
d5 Bd7 9. O-O b5 10. Be2 c4 11. b3 Qe5 12. c3 cxb3 13. axb3 a5 14. Be3 Qe8 15.
Nd2 Be7 16. f4 Bd8 17. Bf3 Rf8 18. Bd4 Kg8 19. e5 Bf5 20. exf6 Bxf6 21. Bxf6
Rxf6 22. Re1 Qf8 23. Qe2 Bd7 24. g3 h6 25. Ne4 Rf7 26. Bh5 Re7 27. Qd3 Na6 28.
Qd4 Bf5 29. Nf2 Nc5 30. Rxe7 Qxe7 31. Qd1 a4 32. bxa4 bxa4 33. Bf3 Qe3 34. Kg2
Qxc3 35. Rc1 Qf6 36. g4 Bg6 37. f5 Bf7 38. Ne4 Nxe4 39. Bxe4 a3 40. Ra1 Qb2+
41. Kg3 Rc8 42. Bf3 Rc3 43. Qe1 Qb3 44. Qe2 Qxd5 45. Rf1 a2 46. Kf2 Rxf3+ {
Time forfeit} 0-1

[Event "Rated Blitz game"]
[Site "?"]
[Date "2021.07.26"]
[Round "?"]
[White "wallie666"]
[Black "benga77"]
[Result "0-1"]
[ECO "C42"]
[WhiteElo "2478"]
[BlackElo "2424"]
[PlyCount "53"]
[EventDate "2021.??.??"]
[EventType "blitz"]
[TimeControl "180"]

1. e4 e5 2. Nf3 Nf6 3. Nxe5 d6 4. Nxf7 Kxf7 5. d4 c5 6. dxc5 Be6 7. cxd6 Qxd6
8. Qxd6 Bxd6 9. f3 Nc6 10. Nc3 Rhd8 11. Bd3 Bc5 12. Ke2 Nb4 13. Rd1 a6 14. Be3
Be7 15. a3 Nc6 16. g4 Rac8 17. h3 Ne5 18. f4 Nc4 19. f5 Bd7 20. Bxc4+ Rxc4 21.
e5 Rxc3 22. bxc3 Bb5+ 23. Kf3 Bc6+ 24. Kg3 Ne4+ 25. Kf4 Bg5+ 26. Kf3 Nxc3+ 27.
Kf2 {Normal} 0-1

[Event "Rated Blitz game"]
[Site "?"]
[Date "2021.07.26"]
[Round "?"]
[White "SlowGuest"]
[Black "Oleggelo17"]
[Result "0-1"]
[ECO "C42"]
[WhiteElo "2327"]
[BlackElo "2400"]
[PlyCount "74"]
[EventDate "2021.??.??"]
[EventType "blitz"]
[TimeControl "180+2"]

1. e4 e5 2. Nf3 Nf6 3. Nxe5 d6 4. Nxf7 Kxf7 5. d4 c5 6. dxc5 Nc6 7. Bc4+ Be6 8.
Bxe6+ Kxe6 9. Nc3 dxc5 10. Qf3 Nd4 11. Qh3+ Kf7 12. e5 Nxc2+ 13. Kf1 Nxa1 14.
exf6 g6 15. g4 c4 16. Ne4 Qd3+ 17. Qxd3 cxd3 18. b3 h6 19. h4 Nc2 20. g5 h5 21.
Rh3 Rd8 22. Bd2 Bb4 23. f4 Rhe8 24. Bxb4 Rxe4 25. Bd2 Nb4 26. f5 Nc6 27. fxg6+
Kxg6 28. Rf3 Ne5 29. Rf2 Nf7 30. Rh2 Rdd4 31. Be1 Rf4+ 32. Kg1 Rde4 33. Bg3 Rg4
34. Rg2 Re2 35. a4 Rxg2+ 36. Kxg2 d2 37. Kf3 d1=Q+ {Normal} 0-1

[Event "Rated Blitz game"]
[Site "?"]
[Date "2021.07.26"]
[Round "?"]
[White "Persian_leopard"]
[Black "Osvetnik67"]
[Result "0-1"]
[ECO "C42"]
[WhiteElo "2399"]
[BlackElo "2495"]
[PlyCount "108"]
[EventDate "2021.??.??"]
[EventType "blitz"]
[TimeControl "180"]

1. e4 e5 2. Nf3 Nf6 3. Nxe5 d6 4. Nxf7 Kxf7 5. d4 c6 6. Nc3 g6 7. Qf3 Kg7 8.
Bc4 d5 9. exd5 cxd5 10. Nxd5 Nxd5 11. Bxd5 Qe8+ 12. Be3 Nc6 13. O-O-O Be6 14.
Rhe1 Bxd5 15. Qxd5 Qd8 16. Qb3 Na5 17. Qb5 Bd6 18. Kb1 a6 19. Qd5 Nc6 20. Bg5
Qc7 21. Re6 Rhd8 22. Bf6+ Kf8 23. Qf3 Qf7 24. Bxd8 Qxf3 25. gxf3 Rxd8 26. c3
Kf7 27. Re4 Ne7 28. c4 Nf5 29. c5 Bc7 30. d5 Rd7 31. d6 Bd8 32. b4 Bh4 33. Rd2
Bg5 34. f4 Bf6 35. Kc2 h6 36. Kb3 g5 37. Kc4 gxf4 38. Rxf4 Kg6 39. Re2 Bg5 40.
Rf3 Rf7 41. Re6+ Kg7 42. Rd3 Rd7 43. b5 axb5+ 44. Kxb5 Kf7 45. Re5 Ng7 46. f4
Bf6 47. Red5 Ne6 48. c6 bxc6+ 49. Kxc6 Ra7 50. d7 Nd8+ 51. Kb6 Rxa2 52. Rb5 Rb2
53. Kc7 Rxb5 54. Rd5 Rxd5 {Time forfeit} 0-1

[Event "Rated Blitz game"]
[Site "?"]
[Date "2021.07.26"]
[Round "?"]
[White "Kastling"]
[Black "adnansendur"]
[Result "0-1"]
[ECO "C42"]
[WhiteElo "2406"]
[BlackElo "2505"]
[PlyCount "36"]
[EventDate "2021.??.??"]
[EventType "blitz"]
[TimeControl "180"]

1. e4 e5 2. Nf3 Nf6 3. Nxe5 d6 4. Nxf7 Kxf7 5. d4 Qe8 6. f3 c5 7. dxc5 dxc5 8.
Bc4+ Be6 9. Bxe6+ Qxe6 10. O-O Nc6 11. Nc3 Rd8 12. Qe2 Be7 13. Be3 Nd4 14. Qf2
Rhf8 15. Rad1 Kg8 16. Kh1 Ng4 17. Qg1 Nxe3 18. Qxe3 Nxc2 {Normal} 0-1

[Event "Rated Blitz game"]
[Site "?"]
[Date "2021.07.25"]
[Round "?"]
[White "RatzFatzWeg"]
[Black "TacticalMaster"]
[Result "0-1"]
[ECO "C42"]
[WhiteElo "2580"]
[BlackElo "2597"]
[PlyCount "70"]
[EventDate "2021.??.??"]
[EventType "blitz"]
[TimeControl "180+2"]

1. e4 e5 2. Nf3 Nf6 3. Nxe5 d6 4. Nxf7 Kxf7 5. Nc3 d5 6. e5 Ng8 7. Qf3+ Ke8 8.
Nxd5 Nc6 9. Bc4 Be6 10. O-O Nd4 11. Qe4 c6 12. Qxd4 Bxd5 13. Be2 Ne7 14. b3 Qd7
15. Bb2 Nf5 16. Qf4 Be6 17. d4 Be7 18. Rad1 Rf8 19. Qc1 Rd8 20. c4 Qc7 21. Rd3
Qb6 22. Rfd1 h6 23. Bh5+ Bf7 24. Bg4 Be6 25. h3 Bg5 26. Qc3 g6 27. Kh2 Kf7 28.
g3 Kg8 29. f4 Be7 30. d5 Qf2+ 31. Kh1 cxd5 32. cxd5 Rxd5 33. Bxf5 Bxf5 34. Rxd5
Be4+ 35. Qf3 Bxf3# {Normal} 0-1

[Event "Rated Rapid game"]
[Site "?"]
[Date "2021.07.25"]
[Round "?"]
[White "geartola"]
[Black "sagital9876"]
[Result "0-1"]
[ECO "C42"]
[WhiteElo "2354"]
[BlackElo "2411"]
[PlyCount "25"]
[EventDate "2021.??.??"]
[EventType "rapid"]
[TimeControl "600"]

1. e4 e5 2. Nf3 Nf6 3. Nxe5 d6 4. Nxf7 Kxf7 5. d4 c5 6. Nc3 Bg4 7. f3 cxd4 8.
Bc4+ d5 9. Nxd5 Be6 10. Qxd4 Nc6 11. Qd3 Ne5 12. Qb3 Nxc4 13. Nxf6 {Normal} 0-1

[Event "Rated Blitz tournament 6h46RqXL"]
[Site "?"]
[Date "2021.07.25"]
[Round "?"]
[White "Powerrino"]
[Black "Efimenko"]
[Result "1-0"]
[ECO "C42"]
[WhiteElo "2535"]
[BlackElo "2485"]
[PlyCount "57"]
[EventDate "2021.??.??"]
[EventType "blitz"]
[TimeControl "180+2"]

1. e4 e5 2. Nf3 Nf6 3. Nxe5 d6 4. Nxf7 Kxf7 5. d4 c6 6. Bd3 Bg4 7. f3 Be6 8. c4
Qb6 9. Be2 d5 10. e5 Bb4+ 11. Nc3 Nfd7 12. cxd5 cxd5 13. Be3 Nc6 14. f4 Rhf8
15. O-O Kg8 16. g4 g6 17. f5 Bxc3 18. bxc3 gxf5 19. gxf5 Rxf5 20. Rxf5 Bxf5 21.
Bf3 Ncxe5 22. Bxd5+ Kh8 23. Bf4 Nd3 24. Bg3 Nf6 25. Qf3 Bg6 26. Bc4 Nb2 27. Bb3
Rf8 28. Re1 Nd7 29. Qxf8+ {Normal} 1-0

[Event "Rated Blitz game"]
[Site "?"]
[Date "2021.07.25"]
[Round "?"]
[White "sookhteh"]
[Black "adnansendur"]
[Result "0-1"]
[ECO "C42"]
[WhiteElo "2473"]
[BlackElo "2431"]
[PlyCount "86"]
[EventDate "2021.??.??"]
[EventType "blitz"]
[TimeControl "180"]

1. e4 e5 2. Nf3 Nf6 3. Nxe5 d6 4. Nxf7 Kxf7 5. Bc4+ Be6 6. Bxe6+ Kxe6 7. d4 Kd7
8. O-O c6 9. e5 Nd5 10. c4 Nb4 11. a3 N4a6 12. exd6 Bxd6 13. Qg4+ Kc7 14. Qxg7+
Nd7 15. c5 Be7 16. Bf4+ Kc8 17. Nc3 Bf6 18. Qh6 Bxd4 19. Rad1 Qf6 20. Rxd4 Qxd4
21. Bg3 Qf6 22. Qd2 Naxc5 23. b4 Nb3 24. Qd3 Qd4 25. Qc2 Qc4 26. Qb2 Re8 27.
Rd1 b5 28. h3 Nb6 29. Qc2 Kb7 30. Qxh7+ Ka6 31. Nb1 Rad8 32. Qc7 Rxd1+ 33. Kh2
Rd7 34. Nd2 Nxd2 35. Qxd7 Nxd7 36. f3 Ne5 37. Bxe5 Nxf3+ 38. Kg3 Qe2 39. gxf3
Qxe5+ 40. Kg2 Qe3 41. Kg3 Rg8+ 42. Kh4 Qf4+ 43. Kh5 Qg5# {Normal} 0-1

[Event "Rated Blitz game"]
[Site "?"]
[Date "2021.07.25"]
[Round "?"]
[White "Vampilu"]
[Black "TacticalMaster"]
[Result "0-1"]
[ECO "C42"]
[WhiteElo "2473"]
[BlackElo "2560"]
[PlyCount "22"]
[EventDate "2021.??.??"]
[EventType "blitz"]
[TimeControl "180+2"]

1. e4 e5 2. Nf3 Nf6 3. Nxe5 d6 4. Nxf7 Kxf7 5. Nc3 d5 6. exd5 Bd6 7. Be2 Re8 8.
O-O Kg8 9. d3 Nbd7 10. Bg5 Qe7 11. Bf3 Qe5 {Normal} 0-1

[Event "Rated Blitz game"]
[Site "?"]
[Date "2021.07.24"]
[Round "?"]
[White "peaudepaillator"]
[Black "TarihselOyunlar"]
[Result "1/2-1/2"]
[ECO "C42"]
[WhiteElo "2582"]
[BlackElo "2433"]
[PlyCount "173"]
[EventDate "2021.??.??"]
[EventType "blitz"]
[TimeControl "180"]

1. e4 e5 2. Nf3 Nf6 3. Nxe5 d6 4. Nxf7 Kxf7 5. Nc3 c6 6. d4 Be7 7. f4 Re8 8.
Bd3 Kg8 9. O-O Bf8 10. e5 Nd5 11. Ne4 Bf5 12. c3 Bxe4 13. Bxe4 dxe5 14. fxe5 g6
15. Qf3 Re7 16. Bg5 Na6 17. Rf2 Qd7 18. Raf1 Nac7 19. Qxf8+ Rxf8 20. Rxf8+ Kg7
21. Rb8 Rf7 22. Re1 Ne6 23. Bd2 Rf8 24. Rxf8 Nxf8 25. g3 h6 26. Kg2 g5 27. h3
Ng6 28. Rf1 Nde7 29. Rf6 Nf8 30. h4 Ng8 31. Rd6 Qe7 32. hxg5 hxg5 33. Bf5 Nh6
34. g4 Nf7 35. Rf6 Nxe5 36. dxe5 Qxe5 37. Bxg5 Qd5+ 38. Kg3 Qxa2 39. Rh6 Qd5
40. Bf4 Qd1 41. Rd6 Qg1+ 42. Kf3 Qh1+ 43. Kg3 Kf7 44. Rd2 Qe1+ 45. Kf3 Ng6 46.
Re2 Qf1+ 47. Rf2 Qh3+ 48. Ke4 Nxf4 49. Kxf4 Ke7 50. Be4 Kd6 51. Bf3 Qh6+ 52.
Kg3 Qe3 53. Rh2 Qe5+ 54. Kg2 Qf4 55. Rh5 a5 56. Rf5 Qd2+ 57. Kg3 Qxb2 58. g5
Qxc3 59. g6 a4 60. Rf7 Qe5+ 61. Kg4 a3 62. g7 Qa1 63. Rf5 Qg1+ 64. Kf4 Qxg7 65.
Rg5 Qxg5+ 66. Kxg5 a2 67. Be4 a1=Q 68. Bf5 Qe5 69. Kg6 Qxf5+ 70. Kxf5 Kd5 71.
Kf4 Kd4 72. Kf5 Kd3 73. Ke6 c5 74. Kd7 c4 75. Kc7 c3 76. Kxb7 c2 77. Kc7 c1=Q+
78. Kd7 Qc4 79. Kd6 Qd4+ 80. Ke7 Ke4 81. Ke6 Qd5+ 82. Ke7 Qe5+ 83. Kf7 Qd6 84.
Kg7 Kf5 85. Kf7 Qe6+ 86. Kg7 Qe7+ 87. Kh6 {Time forfeit} 1/2-1/2

[Event "Rated Blitz game"]
[Site "?"]
[Date "2021.07.24"]
[Round "?"]
[White "jiberwockie"]
[Black "Sinwa18"]
[Result "1-0"]
[ECO "C42"]
[WhiteElo "2347"]
[BlackElo "2462"]
[PlyCount "89"]
[EventDate "2021.??.??"]
[EventType "blitz"]
[TimeControl "180"]

1. e4 e5 2. Nf3 Nf6 3. Nxe5 d6 4. Nxf7 Kxf7 5. d4 c5 6. d5 Be7 7. Nc3 Re8 8.
Be2 Nbd7 9. O-O Kg8 10. f4 a6 11. a4 Rb8 12. Kh1 b5 13. axb5 axb5 14. Bf3 b4
15. Ne2 Bf8 16. Ng3 Qb6 17. b3 Ba6 18. Re1 c4 19. Be3 Qb7 20. Bd4 c3 21. e5
Nxd5 22. Rxa6 Qxa6 23. Bxd5+ Kh8 24. e6 Nc5 25. Nf5 Rb7 26. Qg4 Nxe6 27. Bxe6
Rxe6 28. Rxe6 Qf1+ 29. Bg1 Rf7 30. Re8 g6 31. Nh6 Rxf4 32. Qd7 Rf2 33. Rxf8+
Rxf8 34. Qxd6 Kg7 35. Ng4 h5 36. Qd4+ Kh7 37. Ne3 Qf4 38. Qd3 h4 39. Nd5 Qd2
40. Qb5 Rf7 41. Qc4 Rf5 42. Qxh4+ Kg7 43. Qe7+ Kh6 44. Be3+ Qxe3 45. Qxe3+ {
Normal} 1-0

[Event "Rated Blitz game"]
[Site "?"]
[Date "2021.07.24"]
[Round "?"]
[White "Tormoz46"]
[Black "Amraa01"]
[Result "1-0"]
[ECO "C42"]
[WhiteElo "2447"]
[BlackElo "2351"]
[PlyCount "31"]
[EventDate "2021.??.??"]
[EventType "blitz"]
[TimeControl "180+2"]

1. e4 e5 2. Nf3 Nf6 3. Nxe5 d6 4. Nxf7 Kxf7 5. d4 d5 6. e5 Ne8 7. Bd3 Bb4+ 8.
c3 Be7 9. O-O Nc6 10. f4 Kg8 11. f5 Bg5 12. Nd2 Bxd2 13. Bxd2 Qh4 14. Rf4 Qe7
15. Qf3 g6 16. Qxd5+ {Normal} 1-0

[Event "Rated Blitz game"]
[Site "?"]
[Date "2021.07.24"]
[Round "?"]
[White "MagiqueRoger"]
[Black "melikshakh"]
[Result "1-0"]
[ECO "C42"]
[WhiteElo "2471"]
[BlackElo "2314"]
[PlyCount "29"]
[EventDate "2021.??.??"]
[EventType "blitz"]
[TimeControl "300"]

1. e4 e5 2. Nf3 Nf6 3. Nxe5 d6 4. Nxf7 Kxf7 5. d4 Be6 6. Nc3 d5 7. e5 Ne8 8.
Bd3 g6 9. O-O Be7 10. f4 Ng7 11. g4 Qd7 12. f5 gxf5 13. gxf5 Bxf5 14. Bxf5 Nxf5
15. Qh5+ {Normal} 1-0

[Event "Rated Blitz game"]
[Site "?"]
[Date "2021.07.24"]
[Round "?"]
[White "aleksej1"]
[Black "Glasauge72"]
[Result "1-0"]
[ECO "C42"]
[WhiteElo "2482"]
[BlackElo "2499"]
[PlyCount "143"]
[EventDate "2021.??.??"]
[EventType "blitz"]
[TimeControl "180"]

1. e4 e5 2. Nf3 Nf6 3. Nxe5 d6 4. Nxf7 Kxf7 5. Nc3 g6 6. Bc4+ Be6 7. Bxe6+ Kxe6
8. d4 Kf7 9. O-O Kg7 10. f4 d5 11. e5 Ne4 12. Nxe4 dxe4 13. Be3 Nd7 14. c4 c6
15. Qc2 Nb6 16. b3 Ba3 17. Qxe4 Rf8 18. f5 Rxf5 19. Rxf5 gxf5 20. Qxf5 Qe7 21.
Bg5 Qf7 22. Bf6+ Kg8 23. Rf1 Qg6 24. Qe6+ Qf7 25. Qf5 Qg6 26. Qe6+ Qf7 27. Qh3
Rf8 28. e6 Qg6 29. e7 Re8 30. Qe6+ Qf7 31. Qf5 Qg6 32. Qf4 Bxe7 33. Bxe7 Nd7
34. Bd6 Qe6 35. Qg3+ Kh8 36. Be5+ Nxe5 37. Qxe5+ Qxe5 38. dxe5 Rxe5 39. Rf7 Re2
40. Rxb7 Rxa2 41. h3 Rb2 42. Rxa7 Rxb3 43. Ra6 Rb4 44. Rxc6 Kg7 45. Kh2 h5 46.
h4 Rb3 47. Rc5 Rc3 48. Rxh5 Rxc4 49. g3 Rc3 50. Rg5+ Kh6 51. Kh3 Rc4 52. Rd5
Rb4 53. Rd3 Re4 54. g4 Rf4 55. Kg3 Rf1 56. Rd6+ Kg7 57. h5 Rh1 58. Kf4 Kf7 59.
Kf5 Ke7 60. Re6+ Kf7 61. Ra6 Rf1+ 62. Kg5 Rb1 63. Ra7+ Kg8 64. Kh4 Rb5 65. h6
Kh8 66. g5 Rb8 67. Kh5 Kg8 68. Rc7 Rc8 69. Rxc8+ Kh7 70. Rc7+ Kh8 71. g6 Kg8
72. Rc8# {Normal} 1-0

[Event "Rated Blitz game"]
[Site "?"]
[Date "2021.07.23"]
[Round "?"]
[White "RatzFatzWeg"]
[Black "Vox-Dei"]
[Result "1-0"]
[ECO "C42"]
[WhiteElo "2505"]
[BlackElo "2464"]
[PlyCount "83"]
[EventDate "2021.??.??"]
[EventType "blitz"]
[TimeControl "180+2"]

1. e4 e5 2. Nf3 Nf6 3. Nxe5 d6 4. Nxf7 Kxf7 5. Nc3 Be7 6. Bc4+ Be6 7. Bxe6+
Kxe6 8. d4 Rf8 9. Qf3 c6 10. O-O Kd7 11. Bf4 Kc7 12. Qh3 h6 13. Bg3 Qd7 14. Qh4
Qg4 15. e5 Qxh4 16. Bxh4 dxe5 17. dxe5 Ng8 18. Bg3 Kc8 19. f4 Bc5+ 20. Kh1 Ne7
21. Ne4 Na6 22. c3 Nf5 23. b4 Nxg3+ 24. hxg3 Be7 25. f5 Kc7 26. f6 gxf6 27.
exf6 Bd6 28. Rad1 Rad8 29. Kh2 Rf7 30. Kh3 Be5 31. Rxd8 Kxd8 32. Kg4 Kc7 33.
Kf5 Bd6 34. Ke6 Rf8 35. Nxd6 Nb8 36. f7 Nd7 37. Nxb7 h5 38. Nc5 Nb6 39. Ke7 Rh8
40. Ne6+ Kb7 41. f8=Q Nd5+ 42. Kd6 {Normal} 1-0

[Event "Rated Blitz game"]
[Site "?"]
[Date "2021.07.23"]
[Round "?"]
[White "PhilippeS"]
[Black "ZHeMbA"]
[Result "0-1"]
[ECO "C42"]
[WhiteElo "2378"]
[BlackElo "2474"]
[PlyCount "82"]
[EventDate "2021.??.??"]
[EventType "blitz"]
[TimeControl "300"]

1. e4 e5 2. Nf3 Nf6 3. Nxe5 d6 4. Nxf7 Kxf7 5. Nc3 Be7 6. Bc4+ Kg6 7. O-O h6 8.
d4 c6 9. Bd3 Kf7 10. e5 dxe5 11. dxe5 Nd5 12. Qf3+ Kg8 13. Bc4 Be6 14. Rd1 Qf8
15. Qxf8+ Kxf8 16. Nxd5 cxd5 17. Bxd5 Bxd5 18. Rxd5 Nc6 19. c3 Kf7 20. Be3 Ke6
21. Rb5 b6 22. f4 h5 23. Rf1 g6 24. Kf2 Rad8 25. Ke2 h4 26. a4 Rd7 27. b4 Bd8
28. Rd1 Rxd1 29. Kxd1 a6 30. Rxb6 Bxb6 31. Bxb6 Ne7 32. c4 Rc8 33. Bc5 a5 34.
Bxe7 Kxe7 35. bxa5 Rxc4 36. g3 h3 37. Ke2 Rxa4 38. Kf3 Rxa5 39. Kg4 Ke6 40.
Kxh3 Kf5 41. Kh4 Ra8 {Normal} 0-1